 Dungeon Crawl Stone Soup version 0.19.1 (webtiles) character file.

10976 nikopol the Fighter (level 11, 0/72 HPs)
             Began as a Gargoyle Berserker on Dec 21, 2016.
             Was a High Priest of Trog.
             Slain by a blink frog (5 damage)
             ... on level 1 of the Lair of Beasts.
             The game lasted 00:38:31 (12506 turns).

nikopol the Fighter (Gargoyle Berserker)           Turns: 12506, Time: 00:38:31

Health: 0/72       AC: 22    Str: 20    XL:     11   Next: 70%
Magic:  11/11      EV: 11    Int:  7    God:    Trog [*****.]
Gold:   662        SH:  0    Dex: 12    Spells: 0 memorised, 10 levels left

rFire  . . .     SeeInvis .     a - +10 war axe "Wiqatoutie" {holy, rElec}
rCold  . . .     Gourm    .     K - +0 chain mail
rNeg   + . .     Faith    .     (no shield)
rPois  ∞         Spirit   .     D - +1 helmet
rElec  +         Reflect  .     (no cloak)
rCorr  .         Harm     .     (no gloves)
MR     .....                    L - +0 pair of boots
Stlth  ..........               (no amulet)
                                E - -2 ring of intelligence (curse)
                                n - ring of poison resistance

@: exhausted, starving, slowed, very slow
A: negative energy resistance 1, electricity resistance, unbreathing,
petrification resistance, rot immunity, AC +7
a: Berserk, Trog's Hand, Brothers in Arms, Burn Spellbooks, Renounce Religion


You were on level 1 of the Lair of Beasts.
You worshipped Trog.
Trog was extremely pleased with you.
You were starving.

You visited 2 branches of the dungeon, and saw 11 of its levels.
You also visited: Ossuary.

You collected 662 gold pieces.

Inventory:

Hand Weapons
 a - the +10 war axe "Wiqatoutie" (weapon) {holy, rElec}
   (You found it on level 7 of the Dungeon)

   It has been blessed by the Shining One to cause great damage to the undead
   and demons.
   It insulates you from electricity.
 k - a +0 war axe
 z - a +2 shortbow of velocity
 H - a +0 shortbow
 N - a +5 longbow of flaming
Missiles
 i - 151 arrows (quivered)
Armour
 b - a +0 animal skin
 D - a +1 helmet (worn)
 K - a +0 chain mail (worn)
 L - a +0 pair of boots (worn)
Jewellery
 n - a ring of poison resistance (left hand)
 E - a cursed -2 ring of intelligence (right hand)
 G - an uncursed amulet of harm
Wands
 s - a wand of iceblast (7/15)
 A - a wand of random effects (19/48)
 P - a wand of slowing (23/48)
 Q - a wand of lightning (5/15)
 S - a wand of flame (16/48)
 T - a wand of polymorph (11/24)
Scrolls
 e - a scroll of fear {unknown}
 f - 5 scrolls of identify
 g - 8 scrolls of teleportation {unknown}
 j - 3 scrolls of magic mapping {unknown}
 m - 4 scrolls of enchant armour {unknown}
 o - 6 scrolls of remove curse
 p - 4 scrolls of enchant weapon {unknown}
 u - 3 scrolls of random uselessness {unknown}
 w - 2 scrolls of noise {unknown}
 x - 3 scrolls of fog {unknown}
 F - 2 scrolls of amnesia {unknown}
 I - a scroll of recharging {unknown}
Potions
 d - 6 potions of heal wounds
 h - a potion of might {unknown}
 l - a potion of cure mutation
 q - 5 potions of curing
 r - a potion of cancellation
 v - 3 potions of resistance
 y - a potion of ambrosia
 B - a potion of invisibility
 C - a potion of haste
 M - a potion of berserk rage {unknown}
 O - a potion of mutation {unknown}
 R - a potion of brilliance {unknown}
Comestibles
 c - 7 bread rations
 t - 3 meat rations
 J - 13 slices of pizza


   Skills:
 + Level 9.8 Fighting
 * Level 9.3 Axes
 * Level 5.5 Bows
 + Level 9.5 Armour
 + Level 7.1 Dodging


You had 10 spell levels left.
You didn't know any spells.

Dungeon Overview and Level Annotations

Branches:
Dungeon (10/15)            Temple (0/1) D:7            Lair (1/6) D:9
    Orc: D:9-12

Altars:
Dithmenos
Fedhas
Makhleb
Okawaru
Ru
Sif Muna
Trog
Uskayaw
Yredelemnul
The Shining One


Innate Abilities, Weirdness & Mutations

You are resistant to torment.
Your stone body is resilient. (AC +7)
You are immune to poison.
You resist negative energy. (rN+)
You are resistant to electric shocks. (rElec)
You can survive without breathing.
You are immune to petrification.
You are immune to rotting.


Message History

Firing (i - inventory):
i - 153 arrows (quivered)
Press: ? - help, Shift-Dir - straight line, f - blink frog
Aim: a blink frog (moderately wounded)
You shoot an arrow. The arrow barely misses the blink frog.
Firing (i - inventory):
i - 152 arrows (quivered)
Press: ? - help, Shift-Dir - straight line, f/p - blink frog
Aim: a blink frog (moderately wounded)
You shoot an arrow. The arrow hits the blink frog.
The blink frog is heavily wounded.
Wield which item (- for none, * to show all)? (? for menu, Esc to quit)
The +10 war axe "Wiqatoutie" {holy, rElec} softly glows with a divine radiance!
a - the +10 war axe "Wiqatoutie" (weapon)
{holy, rElec} The blink frog barely misses you.
You closely miss the blink frog.
The blink frog is heavily wounded.
The blink frog hits you!
* * * LOW HITPOINT WARNING * * *
The blink frog closely misses you. The blink frog barely misses you.
The blink frog hits you.
You die...

##.# #...## ..##
##.(## #..### ##....##
##...## ###......#
#.#...## #........#
####...## #.(##...##
###..### ####.(##..##
##...######.....####.#
##....##..@F#...#####
#.#......#####...#
###)#.#### #...# ##..#
##..## ## ###...#
##..## ####.
#####....##
##..####....
###.........##
#...##.....
.......####..###
##.......##
.###.#........P####
##...####


You could see a blink frog.

Vanquished Creatures
  Pikel (D:6)
  Joseph (D:8)
  2 black mambas (Lair:1)
  2 spiny frogs (Lair:1)
  A two-headed ogre (D:9)
  4 blink frogs (Lair:1)
  2 trolls
  A hornet (D:9)
  Grinder (D:6)
  3 hippogriffs
  A spriggan (D:8)
  A wyvern (D:8)
  Grum (D:10)
  Eustachio (D:6)
  Menkaure (D:4)
  Duvessa (D:4)
  A hell hound (D:9)
  2 porcupines (Lair:1)
  A slave (D:6)
  A black bear (D:7)
  2 orc warriors
  7 ice beasts
  5 phantoms
  3 wolves (D:10)
  6 ogres
  5 centaurs
  3 crocodiles (Lair:1)
  An elf zombie (D:5)
  2 big kobolds (D:9)
  2 bullfrogs
  An elf skeleton (D:5)
  Dowan (D:4)
  2 scorpions
  14 killer bees
  A howler monkey (D:9)
  A crimson imp (D:7)
  A bullfrog zombie (D:7)
  A jelly (D:8)
  2 orc priests
  6 hounds
  A bullfrog skeleton (D:10)
  8 orc wizards
  Terence (D:3)
  2 human skeletons (D:5)
  5 worker ants
  3 hound skeletons
  3 mummies (Ossuary)
  Robin (D:3)
  8 gnolls (D:5)
  A howler monkey skeleton (D:7)
  A worker ant zombie (D:5)
  10 adders
  4 shadow imps
  2 oozes
  An adder zombie (D:9)
  6 worms
  4 dart slugs
  3 leopard geckos
  35 orcs
  14 bats
  8 giant cockroaches
  13 goblins
  13 hobgoblins
  9 jackals
  13 kobolds
  10 quokkas
  2 ball pythons
  9 frilled lizards
  4 gnoll skeletons (Ossuary)
  A gnoll zombie (Ossuary)
  2 goblin skeletons (Ossuary)
  5 goblin zombies (Ossuary)
  5 hobgoblin skeletons (Ossuary)
  3 hobgoblin zombies (Ossuary)
  2 kobold skeletons (Ossuary)
  2 kobold zombies (Ossuary)
  A leopard gecko zombie (D:8)
  3 orc skeletons
  4 orc zombies
  A quokka skeleton (D:5)
  12 rats
  3 rat skeletons (Ossuary)
  6 rat zombies (Ossuary)
339 creatures vanquished.

Vanquished Creatures (collateral kills)
  The ghost of nikopol the Skirmisher, a novice GrBe of Trog (D:6)
  Blork the orc (D:5)
  A jelly (D:6)
3 creatures vanquished.

Vanquished Creatures (others)
  2 slaves (D:6)
  A bullfrog (D:6)
  A mummy (Ossuary)
  A gnoll zombie (Ossuary)
  A gnoll skeleton (Ossuary)
  2 goblin skeletons (Ossuary)
  A goblin zombie (Ossuary)
  A hobgoblin skeleton (Ossuary)
  2 hobgoblin zombies (Ossuary)
  An orc skeleton (Ossuary)
  2 rat skeletons (Ossuary)
  A rat zombie (Ossuary)
16 creatures vanquished.

Grand Total: 358 creatures vanquished

Notes
Turn   | Place    | Note
-------+----------+-------------------------------------------
     0 | D:1      | nikopol the Gargoyle Berserker began the quest for the Orb.
     0 | D:1      | Reached XP level 1. HP: 14/14 MP: 1/1
   241 | D:1      | Reached XP level 2. HP: 17/19 MP: 2/2
   552 | D:1      | Reached XP level 3. HP: 22/24 MP: 3/3
   891 | D:1      | Reached ** piety under Trog
  1245 | D:2      | Reached XP level 4. HP: 29/29 MP: 4/4
  1853 | D:2      | Found an iron altar of Okawaru.
  1858 | D:2      | Found a hide-covered altar of Uskayaw.
  1859 | D:2      | Found a blossoming altar of Fedhas.
  1859 | D:2      | Found a basalt altar of Yredelemnul.
  1864 | D:2      | Found a sacrificial altar of Ru.
  2069 | D:3      | Reached XP level 5. HP: 11/34 MP: 5/5
  2404 | D:3      | Noticed a moth of wrath
  2407 | D:3      | Found a bloodstained altar of Trog.
  2693 | D:3      | Noticed Terence
  2707 | D:3      | Killed Terence
  2915 | D:3      | Reached *** piety under Trog
  2929 | D:3      | Noticed Robin
  2936 | D:3      | Reached XP level 6. HP: 34/40 MP: 6/6
  2940 | D:3      | Killed Robin
  3348 | D:4      | Noticed Menkaure
  3357 | D:4      | Killed Menkaure
  3357 | D:4      | Reached skill level 5 in Fighting
  3501 | D:4      | Reached XP level 7. HP: 44/44 MP: 7/7
  3884 | D:4      | Noticed Duvessa
  3885 | D:4      | Noticed Dowan
  3900 | D:4      | Killed Duvessa
  3911 | D:4      | Killed Dowan
  4017 | D:4      | Found a shadowy altar of Dithmenos.
  4069 | D:4      | Reached skill level 5 in Armour
  4321 | D:5      | Entered Level 5 of the Dungeon
  4325 | D:5      | Reached XP level 8. HP: 51/51 MP: 8/8
  4378 | D:5      | Found a sand-covered staircase.
  4391 | D:5      | Reached skill level 5 in Axes
  4395 | Ossuary  | Entered an ossuary
  4586 | Ossuary  | Reached **** piety under Trog
  6206 | D:6      | Noticed Pikel
  6211 | D:6      | Reached ***** piety under Trog
  6211 | D:6      | Reached XP level 9. HP: 57/57 MP: 9/9
  6222 | D:6      | Killed Pikel
  6222 | D:6      | Reached skill level 5 in Dodging
  6228 | D:6      | Noticed nikopol's ghost (novice GrBe)
  6229 | D:6      | Noticed Blork the orc
  6234 | D:6      | Noticed Eustachio
  6289 | D:6      | Noticed Grinder
  6296 | D:6      | Paralysed by Grinder for 5 turns
  6309 | D:6      | Killed Grinder
  6451 | D:6      | Killed nikopol's ghost
  6792 | D:5      | Killed Blork the orc
  7047 | D:6      | Killed Eustachio
  7297 | D:7      | Found a glowing golden altar of the Shining One.
  7590 | D:7      | Reached XP level 10. HP: 60/64 MP: 10/10
  7635 | D:7      | Got a scorched war axe
  7636 | D:7      | Identified the +10 war axe "Wiqatoutie" {holy, rElec} (You found it on level 7 of the Dungeon)
  7695 | D:7      | Found a staircase to the Ecumenical Temple.
  8150 | D:7      | Found a deep blue altar of Sif Muna.
  8817 | D:8      | Reached skill level 1 in Bows
  8963 | D:8      | Noticed Joseph
  8976 | D:8      | Killed Joseph
  9720 | D:9      | Reached XP level 11. HP: 71/71 MP: 11/11
  9760 | D:9      | Received a gift from Trog
 10077 | D:9      | Gained mutation: You have a pair of small horns on your head. [potion of beneficial mutation]
 10083 | D:9      | Lost mutation: You have a pair of small horns on your head. [potion of cure mutation]
 10101 | D:9      | Found a staircase to the Lair.
 10469 | D:9      | Received a gift from Trog
 10475 | D:9      | Reached ****** piety under Trog
 10576 | D:10     | Entered Level 10 of the Dungeon
 10675 | D:10     | Found a burning altar of Makhleb.
 10676 | D:10     | Noticed an Executioner
 10710 | D:10     | Noticed Grum
 10726 | D:10     | Killed Grum
 11340 | Lair:1   | Entered Level 1 of the Lair of Beasts
 12032 | Lair:1   | Reached skill level 5 in Bows
 12506 | Lair:1   | Slain by a blink frog

Skill      XL: |  1  2  3  4  5  6  7  8  9 10 11 |
---------------+----------------------------------+-----
Axes           | 3 4 5 6 8 9 |  9.3
Fighting       | 4 5 6 7 8 9 |  9.8
Armour         | 3 4 5 6 7 8 9 |  9.5
Dodging        | 2 3 4 5 6 7 |  7.1
Bows           | 3 5 |  5.5

Action                   |  1- 3 |  4- 6 |  7- 9 | 10-12 || total
-------------------------+-------+-------+-------+-------++-------
Melee: Hand axe          |   126 |    82 |    15 |       ||   223
       War axe           |       |   162 |   450 |   222 ||   834
 Fire: Shortbow          |       |       |       |   230 ||   230
Invok: Burn Spellbooks   |       |     1 |     1 |     2 ||     4
       Berserk           |       |     2 |     5 |     2 ||     9
       Brothers in Arms  |       |       |     2 |       ||     2
  Use: Scroll            |       |       |    12 |       ||    12
       Potion            |       |       |       |     2 ||     2
 Stab: Sleeping          |     1 |       |       |       ||     1
  Eat: Chunk             |     1 |    10 |    15 |    15 ||    41
       Beef jerky        |       |       |     1 |       ||     1
       Royal jelly       |       |       |     1 |       ||     1
       Pizza             |       |       |     1 |       ||     1
Armor: Animal skin       |    17 |       |       |       ||    17
       Ring mail         |    15 |   156 |   221 |       ||   392
       Chain mail        |       |       |    20 |   195 ||   215
Dodge: Dodged            |    78 |   206 |   287 |   192 ||   763
